 Dungeon Crawl Stone Soup version 0.31.0-32-g396128a36d (webtiles) character file.

Game seed: 18133132288484413666

16 spaghetti the Magician (level 2, 0/22 HPs)
             Began as a Naga Wanderer on Mar 13, 2024.
             Frozen to death by an endoplasm (5 damage)
             ... on level 1 of the Dungeon.
             The game lasted 00:00:37 (294 turns).

spaghetti the Magician (Naga Wanderer)               Turns: 294, Time: 00:00:37

Health: 0/22       AC:  2    Str: 14    XL:     2   Next: 58%
Magic:  0/6        EV:  9    Int: 14    God:
Gold:   12         SH:  0    Dex:  8    Spells: 7/8 levels left

rFire   . . .        a - +0 quarterstaff
rCold   . . .        (shield currently unavailable)
rNeg    . . .        d - +0 robe
rPois   +            (no helmet)
rElec   .            b - +0 cloak
rCorr   .            (no gloves)
SInv    +            (no barding)
Will    .....        (no amulet)
Stlth   +            (no ring)
HPRegen 0.23/turn    (no ring)
MPRegen 0.10/turn

%: no passive effects
@: short of breath, very slow
A: AC +0, large, see invisible, deformed body, poison resistance, slowness 2,
spit poison 1, naga tail 1
a: Spit Poison


You were on level 1 of the Dungeon.
You visited 1 branch of the dungeon, and saw 1 of its levels.

You collected 12 gold pieces.

Inventory:

Hand Weapons
 a - a +0 quarterstaff (weapon)
Armour
 b - a +0 cloak (worn)
 d - a +0 robe (worn)
Scrolls
 c - a scroll of fog
Potions
 e - a potion of magic {unknown}


   Skills:
 - Level 2.0 Staves
 - Level 1.5 Stealth
 + Level 3.7 Spellcasting
 - Level 3.0 Invocations


You had 7 spell levels left.
You knew the following spells:

 Your Spells              Type           Power      Damage    Failure   Level
a - Foxfire               Conj/Fire      8%         2x1d4     21%         1

Your spell library contained the following spells:

 Spells                   Type           Power      Damage    Failure   Level
 Freeze                   Ice            8%         1d3       21%         1
 Sandblast                Erth           4%         2d4       21%         1
 Jinxbite                 Hex            4%         N/A       30%         2


Dungeon Overview and Level Annotations

Branches:
Dungeon (1/15)

Altars:


Innate Abilities, Weirdness & Mutations

Your serpentine skin is tough. (AC +0)
You have supernaturally acute eyesight. (SInv)
Armour fits poorly on your strangely shaped body.
Your system is resistant to poisons. (rPois)
You cover ground very slowly.
You can spit poison.
You have a snake-like lower body.


Message History

Your magical contamination has completely faded away.
Aiming: Spit Poison (2% risk of failure)
Press: ? - help, Shift-Dir - straight line, f - hobgoblin
Aim: a hobgoblin (severely wounded, 59% to hit)
The splash of poison hits the hobgoblin!
The hobgoblin is poisoned.
You kill the hobgoblin!
The endoplasm freezes you.
You are frozen.
Unknown command.
You barely miss the endoplasm.
The endoplasm is heavily wounded.
The endoplasm freezes you.
You are frozen.
* * * LOW HITPOINT WARNING * * *
Casting: Foxfire (safe; 21% risk of failure)
Confirm with . or Enter, or press ? or * to list all spells.
You conjure some foxfire!
The endoplasm barely misses you.
Your foxfire dissipates!
The foxfire hits the endoplasm.
The endoplasm is severely wounded.
The endoplasm hits you but does no damage.
The endoplasm freezes you.
You are frozen.
* * * LOW HITPOINT WARNING * * *
Casting: Foxfire (safe; 21% risk of failure)
Confirm with . or Enter, or press ? or * to list all spells.
You conjure some foxfire!
The endoplasm freezes you.
You are frozen.
* * * LOW HITPOINT WARNING * * *
Casting: Foxfire (safe; 21% risk of failure)
Confirm with . or Enter, or press ? or * to list all spells.
You conjure some foxfire!
The foxfire hits the endoplasm.
The endoplasm is almost dead.
The foxfire hits the endoplasm but does no damage.
The endoplasm is almost dead.
The endoplasm freezes you.
You are frozen.
You die...

#.# # #.# #.# #.
#.# #.# #.. ....#
#.# ##.# #.#.# #.#
...##.#.# #.#
#....#.# #.#
#...v#.# #.#
...###J@#.# #.#
#....v#.# #.#
#.###.#.########.#
# #............#
############.# #.#
#.# #.# #.#


You could see an endoplasm (ally target).

Vanquished Creatures
  A gnoll (D:1)
  A dart slug (D:1)
  2 hobgoblins (D:1)
  A frilled lizard (D:1)
  A rat (D:1)
6 creatures vanquished.

Vanquished Creatures (others)
  26 foxfires (D:1)
26 creatures vanquished.

Grand Total: 32 creatures vanquished

Notes
Turn   | Place    | Note
-------+----------+-------------------------------------------
     0 | D:1      | spaghetti the Naga Wanderer began the quest for the Orb.
     0 | D:1      | spaghetti set off with the following items: a +0
                  | quarterstaff, a +0 cloak, a scroll of fog, a +0 robe; and
                  | the following spells available to memorise: Foxfire,
                  | Freeze, Sandblast, Jinxbite.
     0 | D:1      | Reached XP level 1. HP: 15/15 MP: 4/4
     2 | D:1      | Learned a level 1 spell: Foxfire
    83 | D:1      | Reached XP level 2. HP: 13/22 MP: 1/6
   294 | D:1      | Frozen to death by an endoplasm

Illustrated notes

Levels and vault maps discovered:
D:1:      shiori_shiawase, layout_basic, minmay_pentomino_v2

Action                     || total
---------------------------++-------
  Melee: Quarterstaff      ||     3
   Cast: Foxfire           ||    17
Ability: Spit Poison       ||     3
 Armour: Robe              ||     8
  Dodge: Dodged            ||     8
